Ada, lawful female dwarven Valkyrie ------ |....*| ot |.----- ; ;; |.|...| N |.|.|.| | @ @ @ @ @ N@ H R @ |...|.|}------ O |.---.|}}}}}}| @@@@ D |<|...|.....}| 2 N@@ @ D |--.|.|.....}| @@@@ T |...|.|.....@+ N f @ T@@@ @ |.-----.....}| @ R @@@@ |...........}| @@ @@@@@@@ @ @ @O@ f V |.-----}}}}}}| @@ @@@@@@@ H H D |.|...|}------ |.|.|.| | T E @L @ @ @ O L Lc |.|.|.| |.---.| |.....| ; ------- Ada the Warrior Experience level: 14 Strength: 18/16 Dexterity: 14 Constitution: 20 Intelligence: 10 Wisdom: 13 Charisma: 9 Health: 123(123) Energy: 27(27) Def: 20 Gold: 1940 Moves: 36982 Dungeon seed: B0GzyHBsW5tGXaYW Game ID: Ada_1479249439 Your Inventory: Coins $ - 1940 gold pieces Amulets P - an uncursed amulet of ESP (being worn) X - an uncursed amulet of unchanging Weapons a - the blessed rustproof +1 Excalibur i - the +3 Grayswandir (weapon in hand) Armor e - a blessed +3 small shield (being worn) g - an uncursed thoroughly burnt +3 pair of leather gloves (being worn) j - a blessed +2 silver dragon scale mail (being worn) n - an uncursed thoroughly rusty thoroughly corroded +1 orcish helm (being worn) y - an uncursed +0 pair of low boots (being worn) Y - an uncursed thoroughly burnt +0 leather cloak (being worn) Comestibles Q - an uncursed lizard corpse Scrolls B - an uncursed scroll of blank paper J - an uncursed scroll of genocide S - an uncursed scroll of light Z - an uncursed scroll of magic mapping Potions q - an uncursed potion of full healing Rings b - an uncursed ring of cold resistance E - an uncursed ring of polymorph control (on right hand) H - an uncursed +1 ring of increase accuracy (on left hand) L - an uncursed +1 ring of increase damage N - an uncursed ring of warning Wands k - a wand of fire (0:1) r - a wand of fire (0:5) s - a wand of sleep (0:6) t - a wand of create monster (0:15) v - a wand of digging (0:7) G - a wand of sleep (0:2) T - a wand of cold (0:5) V - a wand of digging (0:3) Tools f - an uncursed bag of holding h - a +0 pick-axe m - a magic marker (0:67) o - an uncursed oil lamp (0:1498) p - an uncursed bugle u - an uncursed blindfold (being worn) w - an uncursed rusty lock pick z - the blessed Orb of Fate (0:5) A - the Bell of Opening (0:2) C - an uncursed lock pick O - an uncursed towel U - a +0 unicorn horn Gems x - an uncursed flint stone K - an uncursed luckstone Contents of the bag of holding: 10 uncursed food rations a blessed scroll of fire an uncursed scroll of gold detection an uncursed scroll of teleportation a wand of digging (0:5) an uncursed leash an uncursed mirror an uncursed very rusty skeleton key a +0 unicorn horn 2 uncursed emeralds an uncursed worthless piece of black glass 3 uncursed worthless pieces of orange glass an uncursed worthless piece of violet glass 2 uncursed worthless pieces of white glass 2 uncursed worthless pieces of yellowish brown glass Spells and supernatural/magical abilities: Name Level Category Fail Memory a - force bolt 1* attack 78% 0% d - dig 5* matter 100% 0% m - magic missile 2* attack 83% 0% O - create monster 2 clerical 83% 69% S - stone to flesh 3 healing 100% 69% W - pray for help -- divine ? -- Your skills at the end: Fighting Skills Weapon Skills dagger [Basic] long sword [Expert] Spellcasting Skills Final Attributes: You were piously aligned. You were cold resistant. You were poison resistant. You resisted hallucinations. You were telepathic. You were warned. You had infravision. You were stealthy. You had a +1 bonus to hit. You had polymorph control. You had reflection. You were extremely lucky. You had extra luck. Good luck did not time out for you. Tyr was angry with you. You are dead. Vanquished creatures: Medusa 3 minotaurs Lord Surtur 4 stone golems a titanothere a trapper 3 vampire lords 2 captains 4 nurses a nalfeshnee 3 lurkers above 2 black puddings a vampire 2 ghosts 2 lieutenants 2 winged gargoyles 2 mind flayers 4 giant mimics 3 zruties 18 fire giants 2 ogre kings 5 ice trolls 3 umber hulks an Elvenking a doppelganger 2 wumpuses a long worm 5 stalkers an air elemental 2 fire elementals 2 earth elementals 5 water elementals 4 hill giants 3 giant mummies a black naga an elf-lord 5 sergeants 9 wargs 4 winter wolves 5 small mimics 3 glass piercers 3 warhorses 3 xans 2 ettin mummies 2 ogre lords 2 quantum mechanics 5 trolls a wood golem 2 sharks 6 electric eels a gelatinous cube 2 large dogs 2 freezing spheres 4 flaming spheres 5 shocking spheres 4 large cats 2 tigers 2 gargoyles a dwarf king an ochre jelly 5 leocrottas 2 energy vortices 2 mountain centaurs 5 stone giants 2 elf mummies 2 human mummies 2 red nagas a pit viper 3 pythons 4 cobras 6 wraiths a carnivorous ape an ettin zombie a leather golem 7 Grey-elves 29 soldiers 4 succubi 3 incubi 5 chameleons 3 crocodiles a giant beetle a cockatrice 3 wolves 3 winter wolf cubs 4 lynxes 37 gremlins a spotted jelly 4 leprechauns 2 orc-captains 2 iron piercers 5 mumakil a horse an ice vortex a black light 6 vampire bats a forest centaur 2 gnome kings an orc mummy 2 dwarf mummies 2 ogres 5 brown puddings 3 rust monsters 5 owlbears 4 yetis 5 gold golems 2 werewolves 4 Green-elves 2 giant eels 3 lizards a warrior 6 chickatrices 4 dogs 3 dingos 2 jaguars a dwarf lord a blue jelly 2 gray unicorns 2 black unicorns 4 dust vortices 4 ravens 3 plains centaurs 5 gnome mummies 4 snakes an ape 4 human zombies a rope golem 6 Woodland-elves 12 soldier ants 74 fire ants 24 bugbears 4 quasits 4 wood nymphs 5 water nymphs 4 mountain nymphs 17 Mordor orcs 9 Uruk-hai 3 orc shamans 6 rock piercers 8 rock moles 5 ponies 9 yellow lights 2 shriekers 3 violet fungi 12 gnome lords 3 gnomish wizards 3 kobold mummies a black naga hatchling 4 gray oozes 3 barrow wights 7 elf zombies 4 ghouls a straw golem 2 paper golems 3 jellyfish 10 giant ants a little dog 11 floating eyes a kitten 2 dwarves 5 homunculi 3 kobold lords a kobold shaman 21 hill orcs 21 rothes 3 rabid rats a centipede 8 giant bats 10 monkeys 10 orc zombies 7 dwarf zombies 2 wererats 2 werejackals 8 iguanas 24 killer bees 2 acid blobs 8 coyotes 8 gas spores 6 hobbits 3 manes 6 large kobolds 17 hobgoblins 16 giant rats 4 cave spiders 8 yellow molds 2 green molds a red mold 35 gnomes 15 garter snakes 8 gnome zombies 12 geckos 14 jackals 3 foxes 5 kobolds 9 goblins 6 sewer rats 5 grid bugs 6 bats 5 lichens 5 kobold zombies 4 newts 1026 creatures vanquished. Genocided species: mind flayers master mind flayers small mimics large mimics giant mimics 5 species genocided. Voluntary challenges: You had been an atheist until turn 5146. You used a wielded weapon 1932 times, starting on turn 21. You read items or engraved 65 times, starting on turn 3298. You genocided 5 types of monsters, starting on turn 9125. You never polymorphed an object. You never changed form. You used 1 wish, starting on turn 9126. You did not wish for any artifacts. You split 2 puddings, starting on turn 15572. You never wrote Elbereth's name. You violated your moral code, losing 193 points of alignment, starting on turn 2138. Dungeon overview: The Dungeons of Doom: levels 1 to 25 Level 1 a long staircase Level 2 Level 3 stairs to The Gnomish Mines Level 4 Level 5 Level 6 Level 7 a fountain Level 8 an altar to Loki Level 9 many fountains Level 10 a fountain stairs to Sokoban Level 11 a fountain Level 12 Level 13 Level 14 Level 15 a temple to Tyr Level 16 portal to The Quest Level 17 an altar to Tyr Level 18 Level 19 Level 20 some fountains Level 21 Level 22 Level 23 Level 24 Level 25 <- You were here The Gnomish Mines: levels 4 to 11 Level 4 stairs to The Dungeons of Doom Level 5 Level 6 many shops, a temple to Loki, some fountains, a sink Level 7 Level 8 Level 9 Level 10 Level 11 some fountains The Quest: levels 1 to 5 Level 1 a fountain portal to The Dungeons of Doom Level 2 Level 3 Level 4 Level 5 Sokoban: levels 6 to 9 Level 6 Level 7 Level 8 Level 9 stairs to The Dungeons of Doom History has recorded: On T:1 you entered the Dungeons of Doom to retrieve the Amulet of Yendor! On T:318 you advanced to experience level 2. On T:480 you reached level 2 of The Dungeons of Doom. On T:912 you reached level 3 of The Dungeons of Doom. On T:1244 you advanced to experience level 3. On T:1347 you reached level 1 of The Gnomish Mines. On T:1657 you reached level 2 of The Gnomish Mines. On T:1819 you reached level 3 of The Gnomish Mines. On T:1863 you advanced to experience level 4. On T:2559 you advanced to experience level 5. On T:2640 you reached level 4 of The Dungeons of Doom. On T:2904 you reached level 5 of The Dungeons of Doom. On T:3279 you reached level 6 of The Dungeons of Doom. On T:4038 you reached level 4 of The Gnomish Mines. On T:4180 you reached level 5 of The Gnomish Mines. On T:4412 you reached level 6 of The Gnomish Mines. On T:4505 you advanced to experience level 6. On T:4855 you reached level 7 of The Gnomish Mines. On T:4904 you reached level 8 of The Gnomish Mines. On T:5155 you advanced to experience level 7. On T:6418 you advanced to experience level 8. On T:8232 you reached level 7 of The Dungeons of Doom. On T:8591 you advanced to experience level 9. On T:9015 you reached level 8 of The Dungeons of Doom. On T:9126 you wished for "blessed greased +2 silver dragon scale mail". On T:9439 you reached level 9 of The Dungeons of Doom. On T:9617 you reached level 10 of The Dungeons of Doom. On T:10011 you reached level 4 of Sokoban. On T:10363 you reached level 3 of Sokoban. On T:10982 you reached level 2 of Sokoban. On T:11445 you reached level 1 of Sokoban. On T:12610 you reached level 11 of The Dungeons of Doom. On T:12700 you advanced to experience level 10. On T:12867 you reached level 12 of The Dungeons of Doom. On T:13545 you reached level 13 of The Dungeons of Doom. On T:13852 you reached level 14 of The Dungeons of Doom. On T:14132 you reached level 15 of The Dungeons of Doom. On T:14835 you reached level 16 of The Dungeons of Doom. On T:15254 you reached level 17 of The Dungeons of Doom. On T:15730 you reached level 18 of The Dungeons of Doom. On T:16012 you advanced to experience level 11. On T:16381 you reached level 19 of The Dungeons of Doom. On T:17052 you reached level 20 of The Dungeons of Doom. On T:17347 you reached level 21 of The Dungeons of Doom. On T:17856 you advanced to experience level 12. On T:18332 you killed Medusa on level 21 of The Dungeons of Doom. On T:18347 you reached level 22 of The Dungeons of Doom. On T:18759 you reached level 23 of The Dungeons of Doom. On T:19892 you reached level 24 of The Dungeons of Doom. On T:20049 you reached The Castle. On T:21696 you received Grayswandir from Tyr. On T:24588 you advanced to experience level 13. On T:27678 you reached level 1 of The Quest. On T:29760 you advanced to experience level 14. On T:29950 you embarked upon an epic quest. On T:29993 you reached level 2 of The Quest. On T:30234 you reached level 3 of The Quest. On T:30734 you reached level 4 of The Quest. On T:31049 you reached level 5 of The Quest. On T:31296 you killed Lord Surtur on level 5 of The Quest. On T:31876 you completed the quest! Score breakdown: Gold: 1940 (11184 points) Experience: 14 levels (20086 points) Exploration: 25 levels ( 53.19%) (21669 points) Discoveries: 44 items ( 17.89%) (12687 points) Valuables value: (no points given unless you survive) Artifact value: 20500 (14667 points) Variety of kills: 200 monsters ( 52.49%) (21735 points) Turncount: 36982 turns (-4310 points) Survival: died (score multiplied by 80%) Total score: 78174 Latest messages: You hear 3 gears turn. You extract a strange sound from the bugle! You hear 3 gears turn. You extract a strange sound from the bugle! You hear 4 gears turn. You extract a strange sound from the bugle! You hear 4 gears turn. You extract a strange sound from the bugle! You are crushed underneath the drawbridge. Final status: Farvel Ada the Valkyrie, crushed to death by a falling drawbridge... You were crushed in The Dungeons of Doom on dungeon level 25 with 78174 points, and 1940 pieces of gold, after 36982 moves. You were level 14 with a maximum of 123 hit points when you were crushed.